 Dungeon Crawl Stone Soup version 0.27.1-15-g792fb953b9 (webtiles) character file.

Game seed: 17671945161895212410

32 styxcanada the Sneak (level 3, 0/18 HPs)
             Began as a Spriggan Brigand on Nov 19, 2021.
             Hit by a goblin thrown by Robin (3 damage)
             ... on level 2 of the Dungeon.
             The game lasted 00:03:56 (1244 turns).

styxcanada the Sneak (Spriggan Brigand)             Turns: 1244, Time: 00:03:56

Health: 0/18       AC:  3    Str:  7    XL:     3   Next: 10%
Magic:  4/4        EV: 16    Int: 12    God:
Gold:   48         SH:  0    Dex: 17    Spells: 2/2 levels left

rFire    . . .     SeeInvis +   a - +2 dagger
rCold    . . .     Faith    .   (shield restricted)
rNeg     . . .     Spirit   .   b - +0 robe
rPois    .         Reflect  .   (helmet restricted)
rElec    .         Harm     .   c - +0 cloak
rCorr    .         Rampage  .   (gloves unavailable)
Will     .....                  (boots unavailable)
Stlth    ++++......             (no amulet)
HPRegen  0.06/turn              (no ring)
MPRegen  0.09/turn              (no ring)

@: very quick
A: very small, no large weapons, unfitting armour, see invisible, speed 3
a: no special abilities


You were on level 2 of the Dungeon.
You visited 1 branch of the dungeon, and saw 2 of its levels.

You collected 48 gold pieces.

Inventory:

Hand Weapons
 a - a +2 dagger (weapon)
Missiles
 d - 5 poisoned darts (quivered)
 e - 2 curare-tipped darts
 f - 21 stones
Armour
 b - a +0 robe (worn)
 c - a +0 cloak (worn)
Scrolls
 g - 3 scrolls of amnesia {unknown}
 i - a scroll of fear {unknown}
 j - a scroll of identify {unknown}
Potions
 h - a potion of mutation {unknown}


   Skills:
 * Level 2.1 Fighting
 + Level 2.2 Short Blades
 + Level 2.1 Throwing
 * Level 1.6 Dodging
 * Level 6.8 Stealth


You had 2 spell levels left.
You didn't know any spells.
Your spell library was empty.

Dungeon Overview and Level Annotations

Branches:
Dungeon (2/15)

Altars:
Ru
Sif Muna

Annotations:
D:2 Robin


Innate Abilities, Weirdness & Mutations

You are very small and have problems with some larger weapons.
You are too small for most types of armour.
You have supernaturally acute eyesight. (SInv)
You cover ground extremely quickly. (Speed+++)


Message History

Throw: 8 darts (poison)
Press: ? - help, Q - select action, (/) - cycle Shift-Dir - straight line, f/p - goblin
Aim: a goblin, wielding a +0 club (strong, 55% to hit)
You throw a poisoned dart.
The poisoned dart barely misses the goblin.
The poisoned dart hits the goblin.
The goblin is poisoned.
The goblin no longer looks unusually strong.
You feel a bit more experienced.
Throw: 7 darts (poison)
Press: ? - help, Q - select action, (/) - cycle Shift-Dir - straight line, f/p - goblin
Aim: a goblin, wielding a +0 club (55% to hit)
You throw a poisoned dart.
The poisoned dart closely misses the goblin.
Throw: 6 darts (poison)
Press: ? - help, Q - select action, (/) - cycle Shift-Dir - straight line, f/p - goblin
Aim: a goblin, wielding a +0 club (55% to hit)
You throw a poisoned dart. The poisoned dart hits the goblin.
The goblin is poisoned.
You closely miss the goblin.
The goblin is severely wounded.
You kill the goblin!
Robin says, "Bow before me, strongest of all the hobgoblins!"
Robin roars a battlecry!
The goblin goes into a battle-frenzy!
A rat and an endoplasm come into view.
Found a whip.
The rat closely misses you.
The endoplasm quivers.
You hit the endoplasm.
The endoplasm is heavily wounded.
The rat completely misses you. The endoplasm completely misses you.
Found a scroll labelled UCECSIOLUA.
Found a shimmering blue altar of Sif Muna.
A goblin comes into view. It is wielding a +0 dagger.
A quokka comes into view.
You see here a scroll labelled UCECSIOLUA.
j - a scroll labelled UCECSIOLUA The goblin barely misses you.
Robin throws the goblin at you!
You die...

....####.#####.......#
......g......g.......#
###.###...J###.gr....#
#)# #....# #.J##r..#
#.# #.Jr.# ##......#
###g###....# #......#
...(..#....# ##..g..##
......#....# #......#
...g..#....# #@g....#
...(..#)..............#
###'###....######...#.#
#.# #....# #...#.#
###.# #....# #...#..
...(# ###### ##+## #
...g# ....# ###.#


You could see Robin, an endoplasm, 3 goblins and a rat.

Vanquished Creatures
  A gnoll (D:1)
  2 dart slugs
  2 giant cockroaches (D:1)
  8 goblins
  A hobgoblin (D:2)
  2 quokkas (D:1)
  A kobold (D:1)
  2 rats (D:1)
19 creatures vanquished.

Notes
Turn   | Place    | Note
-------+----------+-------------------------------------------
     0 | D:1      | styxcanada the Spriggan Brigand began the quest for the
                  | Orb.
     0 | D:1      | Reached XP level 1. HP: 10/10 MP: 2/2
   346 | D:1      | Reached skill level 6 in Stealth
   751 | D:1      | Reached XP level 2. HP: 15/15 MP: 3/3
   780 | D:1      | Found a faded altar of an unknown god.
  1047 | D:1      | Found a sacrificial altar of Ru.
  1149 | D:2      | Noticed Robin
  1162 | D:2      | Reached XP level 3. HP: 18/18 MP: 4/4
  1229 | D:2      | Found a shimmering blue altar of Sif Muna.
  1244 | D:2      | Hit by a goblin thrown by Robin

Illustrated notes

Levels and vault maps discovered:
D:1:      dpeg_arrival_water_altar, layout_loops_cross,
          hellmonk_ecumenical_altar_heavens_door
D:2:      layout_basic, basic_altar, uniq_robin

Skill      XL: |  1 |
---------------+----+-----
Stealth        | 6 |  6.8
Fighting       | 2 |  2.1
Short Blades   | |  2.2
Throwing       | |  2.1
Dodging        | |  1.6

Action                   || total
-------------------------++-------
Melee: Dagger            ||    39
Throw: Dart              ||    12
 Stab: Sleeping          ||     6
Dodge: Dodged            ||    26
